 Dungeon Crawl Stone Soup version 0.16.1-4-g8e1b745 (console) character file.

44 gw the Charlatan (level 3, 0/20 HPs)
             Began as a Deep Elf Artificer on Mar 27, 2015.
             Slain by a jackal (2 damage)
             ... on level 2 of the Dungeon.
             The game lasted 00:01:31 (1410 turns).

gw the Charlatan (Deep Elf Artificer)               Turns: 1410, Time: 00:01:31

Health: 0/20       AC:  5    Str:  8    XL:     3   Next: 41%
Magic:  7/7        EV: 11    Int: 16    God:
Gold:   64         SH:  0    Dex: 16    Spells: 0 memorised, 2 levels left

rFire  . . .     SeeInvis .     a - +0 short sword
rCold  . . .     Clarity  .     i - +0 ring mail
rNeg   . . .     SustAb   .     (no shield)
rPois  .         Gourm    .     (no helmet)
rElec  .         Spirit   .     (no cloak)
rCorr  .         Warding  .     (no gloves)
rMut   .         Stasis   .     (no boots)
MR     .....                    (no amulet)
Stlth  +.........               (no ring)
                                (no ring)

@: lethally poisoned (0 -> -3), not resistant to hostile enchantments, very
unstealthy
A: no striking features
a: no special abilities


You were on level 2 of the Dungeon.
You were not hungry.

You visited 1 branch of the dungeon, and saw 2 of its levels.

You collected 64 gold pieces.

Inventory:

Hand weapons
 a - a +0 short sword (weapon)
Armour
 i - a +0 ring mail (worn)
Magical devices
 b - a wand of flame (10)
 c - a wand of enslavement (11)
 d - a wand of random effects (14)
Scrolls
 g - a scroll of magic mapping {unknown}
 h - a scroll of immolation
Potions
 e - a potion of ambrosia {unknown}
Comestibles
 f - 2 bread rations
 k - 3 fruits
 m - a beef jerky


   Skills:
 + Level 1.4 Fighting
 * Level 2.3 Short Blades
 + Level 3.2 Dodging
 - Level 1.2 Stealth
 - Level 3.2 Evocations


You had 2 spell levels left.
You didn't know any spells.

Dungeon Overview and Level Annotations

Branches:
Dungeon (2/15)

Altars:


Message History

The jackal bites you but does no damage.
Unknown command.
Unknown command.
Unknown command.
Unknown command.
ATTACKING (1,0)
You closely miss the jackal.
The jackal bites you but does no damage.
Your adder closely misses the jackal.
The jackal closely misses you.
The jackal bites you but does no damage.
Unknown command.
Unknown command.
Unknown command.
Unknown command.
ATTACKING (1,0)
You hit the jackal.
The jackal is moderately wounded.
The jackal bites you.
Your adder barely misses the jackal.
The jackal closely misses you. The jackal bites you.
You die...

....# #...# ##...
....# ##### #..# ....#
#... ....# #..# ....#
#... ##### ######...
##### #........
#################S...#
#........
...............Seh...#
#......#.
#################h...#
#......#. ....#
......%<#. ....+
.......#. ....#
......#. .$....
.....## ..... ###.##
.... .#. . #.


You could see 2 jackals and 2 friendly adders.

Table legend:
 A = Turns spent in this place as a percentage of turns spent in the entire game.
 B = Non-inter-level travel turns spent in this place as a percentage of non-inter-level travel turns spent in the entire game.
 C = Inter-level travel turns spent in this place as a percentage of turns spent in this place.
 D = Turns resting spent in this place as a percentage of non-inter-level travel turns spent in this place.
 E = Turns spent auto-exploring this place as a percentage of non-inter-level travel turns spent in this place.
 F = Non-inter-level travel turns spent in this place divided by the number of levels of this place that you've seen.
                   A       B       C       D       E      F
               +-------+-------+-------+-------+-------+----------------------
         Total | 100.0 | 100.0 |   0.2 |   1.0 |   2.4 | 1051.0
       Dungeon | 100.0 | 100.0 |   0.2 |   1.0 |   2.4 | 1051.0
               +-------+-------+-------+-------+-------+----------------------

Table legend:
 A = Kills in this place as a percentage of kills in entire the game.
 B = Kills by you in this place as a percentage of kills by you in the entire game.
 C = Kills by friends in this place as a percentage of kills by friends in the entire game.
 D = Other kills in this place as a percentage of other kills in the entire game.
 E = Experience gained in this place as a percentage of experience gained in the entire game.
 F = Experience gained in this place divided by the number of levels of this place that you have seen.
                   A       B       C       D       E      F
               +-------+-------+-------+-------+-------+----------------------
         Total | 100.0 | 100.0 |  -nan |  -nan | 100.0 |  32.0
       Dungeon | 100.0 | 100.0 |  -nan |  -nan | 100.0 |  32.0
               +-------+-------+-------+-------+-------+----------------------

Vanquished Creatures
  2 adders (D:2)
  A giant gecko (D:2)
  4 giant cockroaches
  A goblin (D:1)
  4 hobgoblins
  A jackal (D:2)
  4 bats
  A giant newt (D:1)
  3 kobolds (D:1)
  5 rats
26 creatures vanquished.

Notes
Turn   | Place    | Note
--------------------------------------------------------------
     0 | D:1      | gw, the Deep Elf Artificer, began the quest for the Orb.
     0 | D:1      | Reached XP level 1. HP: 11/11 MP: 2/2
   318 | D:1      | Reached skill level 1 in Fighting
   355 | D:1      | Reached XP level 2. HP: 14/16 MP: 5/5
  1079 | D:2      | Reached XP level 3. HP: 20/20 MP: 7/7
  1410 | D:2      | Slain by a jackal

Action                   || total
-------------------------++-------
Melee: Short sword       ||    98
Evoke: Wand              ||    10
  Use: Potion            ||     3
       Scroll            ||     2
  Eat: Chunk             ||     2

Vault maps used:
D:1:      lightli_arrival_isolated_outpost
D:2:      first_bread
